 Dungeon Sprint DCSS version 0.27.1-1-g398f81649c (webtiles) character file.

Game seed: 8629522409199814780

1128 ugugthedestroyer the Grappler (level 8, -3/133 HPs)
             Began as a Troll Monk on Sept 6, 2021.
             Was the Champion of Jiyva.
             Slain by a centaur warrior (11 damage)
             ... in the Dungeon (Sprint IX: "|||||||||||||||||||||||||||||").
             The game lasted 00:03:42 (192 turns).

ugugthedestroyer the Grappler (Troll Monk)           Turns: 192, Time: 00:03:42

Health: -3/133     AC:  5    Str: 22    XL:     8   Next: 13%
Magic:  7/7        EV: 14    Int:  9    God:    Jiyva [******]
Gold:   0          SH:  0    Dex: 12    Spells: 7/7 levels left

rFire    . . .     SeeInvis .     - Unarmed
rCold    . . .     Faith    .   (no shield)
rNeg     . . .     Spirit   .   a - +0 robe
rPois    .         Reflect  .   (helmet restricted)
rElec    .         Harm     .   k - +0 cloak
rCorr    +         Rampage  .   (gloves unavailable)
Will     .....     NoTele   +   (boots unavailable)
Stlth    ..........             (no amulet)
HPRegen  1.32/turn              l - +2 ring of evasion
MPRegen  0.10/turn              m - +3 ring of intelligence

@: berserking, very slightly contaminated, hasted (expiring), invisible, very
quick
A: large, unfitting armour, claws 3, regeneration 1, shaggy fur 1, tough skin 1,
eyeballs 1
a: Renounce Religion, Request Jelly, Slimify, Cure Bad Mutation


You were in the Dungeon.
You worshipped Jiyva.
Jiyva was exalted by your worship.
You visited 1 branch

Inventory:

Armour
 a - a +0 robe (worn)
 k - a +0 cloak (worn)
Jewellery
 l - a +2 ring of evasion (left claw)
 m - a +3 ring of intelligence (right claw)
Wands
 j - a wand of acid (10)
Scrolls
 g - 2 scrolls of blinking
 i - 2 scrolls of amnesia
Potions
 b - 3 potions of curing
 e - 4 potions of magic


   Skills:
 + Level 8.5 Fighting
 + Level 8.3 Dodging
 - Level 1.1 Stealth
 + Level 12.0 Unarmed Combat


You had 7 spell levels left.
You didn't know any spells.
Your spell library was empty.

Dungeon Overview and Level Annotations

Branches:
Dungeon (1/1)

Altars:
Cheibriados
Dithmenos
Elyvilon
Fedhas
Gozag
Hepliaklqana
Kikubaaqudgha
Makhleb
Nemelex Xobeh
Okawaru
Qazlal
Ru
Sif Muna
Trog
Uskayaw
Vehumet
Wu Jian
Xom
Yredelemnul
Zin
The Shining One
Beogh
Jiyva
Lugonu


Innate Abilities, Weirdness & Mutations

You are too large for most types of armour.
You have claws for hands.
Your natural rate of healing is unusually fast.
You are covered in fur. (AC +1)
You have tough skin. (AC +1)
Your body has grown golden eyes which may confuse attackers. (Acc +3)


Message History

You no longer feel heat resistant.
Jiyva appreciates your sacrifice. x3
You feel better.
There is an open door, spattered with blood here.
Okay, then.
The red ugly thing gurgles horribly!
You scratch the centaur warrior. Your claw misses the centaur warrior.
The centaur warrior is lightly wounded.
The centaur warrior hits you with a +0 rapier!
* * * LOW HITPOINT WARNING * * *
The centaur warrior kicks you.
* * * LOW HITPOINT WARNING * * *
A red film seems to cover your vision as you go berserk!
You feel yourself moving faster!
You feel mighty!
The red ugly thing gurgles horribly!
The centaur warrior closely misses you.
The centaur warrior kicks you but does no damage.
You claw the centaur warrior!
The centaur warrior is heavily wounded.
The red ugly thing gurgles horribly!
You hear a slurping noise.
You feel better.
You scratch the centaur warrior but do no damage.
The centaur warrior is heavily wounded.
The red ugly thing gurgles horribly!
The centaur warrior hits you with a +0 rapier!
* * * LOW HITPOINT WARNING * * *
The centaur warrior kicks you.
* * * LOW HITPOINT WARNING * * *
You scratch the centaur warrior.
The centaur warrior is heavily wounded.
Your extra speed is starting to run out.
The red ugly thing gurgles horribly!
The centaur warrior completely misses you.
The centaur warrior closely misses you.
Unknown command.
You scratch the centaur warrior.
The centaur warrior is severely wounded.
The red ugly thing gurgles horribly!
The centaur warrior hits you with a +0 rapier!
You die... ▓▓▓▓▓▓▓▓▓▓▓▓▓▓▓▓▓▓▓▓▓▓▓▓ +O.u.Wc@.....J'......).. ▓▓▓▓▓▓▓▓▓▓▓▓▓▓▓▓▓▓▓▓▓▓▓▓

You could see a red ugly thing (wandering), a centaur warrior, a two-headed ogre, a wraith and a neutral jelly (wandering) (fellow slime).

Vanquished Creatures
  A two-headed ogre (D)
  A troll (D)
  An ogre (D)
  A centaur (D)
  A howler monkey (D)
  A hound (D)
  2 orc wizards (D)
  A ball python (D)
  A bat zombie (D)
  A goblin (D)
  A jackal (D)
  A kobold (D)
  A quokka (D)
  A ball python zombie (D)
  A rat (D)
16 creatures vanquished.

Vanquished Creatures (others)
  2 great orbs of eyes (D)
  A deep elf pyromancer (D)
  A slime creature (D)
  A jelly (D)
5 creatures vanquished.

Grand Total: 21 creatures vanquished

Notes
Turn   | Place    | Note
-------+----------+-------------------------------------------
     0 | D        | ugugthedestroyer the Troll Monk began the quest for the
                  | Orb.
     0 | D        | Reached XP level 1. HP: 22/22 MP: 0/0
    25 | D        | Noticed an orc wizard
    25 | D        | Noticed an ogre
    25 | D        | Noticed a hound
    31 | D        | Killed a hound
    32 | D        | Reached skill level 4 in Unarmed Combat
    32 | D        | Reached XP level 2. HP: 28/32 MP: 1/1
    32 | D        | Reached XP level 3. HP: 34/39 MP: 2/2
    39 | D        | Killed an ogre
    40 | D        | Reached skill level 5 in Fighting
    40 | D        | Reached skill level 6 in Unarmed Combat
    40 | D        | Reached XP level 4. HP: 30/50 MP: 3/3
    44 | D        | Reached skill level 5 in Dodging
    44 | D        | Reached skill level 7 in Unarmed Combat
    44 | D        | Reached XP level 5. HP: 28/57 MP: 4/4
    52 | D        | Found a snail-covered altar of Cheibriados.
    52 | D        | Found a shadowy altar of Dithmenos.
    52 | D        | Found a white marble altar of Elyvilon.
    52 | D        | Found a blossoming altar of Fedhas.
    52 | D        | Found an opulent altar of Gozag.
    53 | D        | Found a hazy altar of Hepliaklqana.
    54 | D        | Found a viscous altar of Jiyva.
    55 | D        | Found an ancient bone altar of Kikubaaqudgha.
    56 | D        | Found a corrupted altar of Lugonu.
    57 | D        | Found a burning altar of Makhleb.
    58 | D        | Found a sparkling altar of Nemelex Xobeh.
    59 | D        | Found an iron altar of Okawaru.
    60 | D        | Found a stormy altar of Qazlal.
    61 | D        | Found a sacrificial altar of Ru.
    62 | D        | Found a shimmering blue altar of Sif Muna.
    63 | D        | Found a bloodstained altar of Trog.
    64 | D        | Found a hide-covered altar of Uskayaw.
    65 | D        | Found a radiant altar of Vehumet.
    68 | D        | Found an ornate altar of the Wu Jian Council.
    71 | D        | Found a shimmering altar of Xom.
    72 | D        | Found a basalt altar of Yredelemnul.
    73 | D        | Found a glowing silver altar of Zin.
    74 | D        | Found a glowing golden altar of the Shining One.
   100 | D        | Became a worshipper of Jiyva Jinikohe the Shapeless
   100 | D        | Reached * piety under Jiyva
   100 | D        | Reached ** piety under Jiyva
   102 | D        | Killed a great orb of eyes
   105 | D        | Killed a great orb of eyes
   106 | D        | Killed a deep elf pyromancer
   109 | D        | Killed a slime creature
   141 | D        | Noticed a centaur
   141 | D        | Noticed a troll
   141 | D        | Noticed a two-headed ogre
   155 | D        | Killed a two-headed ogre
   156 | D        | Reached skill level 11 in Unarmed Combat
   156 | D        | Reached XP level 6. HP: 15/72 MP: 5/5
   156 | D        | Reached XP level 7. HP: 16/80 MP: 6/6
   157 | D        | Reached *** piety under Jiyva
   157 | D        | Gained mutation: You have a pair of small horns on your
                  | head. [Jiyva's grace]
   157 | D        | Reached **** piety under Jiyva
   157 | D        | Lost mutation: You have a pair of small horns on your head.
                  | [Jiyva's grace]
   157 | D        | Reached ***** piety under Jiyva
   160 | D        | Gained mutation: Your body has grown golden eyes which may
                  | confuse attackers. (Acc +3) [Jiyva's grace]
   166 | D        | Killed a troll
   169 | D        | Gained mutation: Your flesh is heat resistant. (rF+)
                  | [Jiyva's grace]
   172 | D        | Reached XP level 8. HP: 22/89 MP: 4/7
   174 | D        | Reached skill level 12 in Unarmed Combat
   184 | D        | Noticed a two-headed ogre
   184 | D        | Noticed a red ugly thing
   184 | D        | Noticed a centaur warrior
   186 | D        | Reached ****** piety under Jiyva
   186 | D        | Lost mutation: Your flesh is heat resistant. (rF+) [Jiyva's
                  | grace]
   192 | D        | Slain by a centaur warrior

Illustrated notes

Levels and vault maps discovered:
D:        linesprint [early_d, line_temple, items_1, d_10, items_2, lair_1,
          lair_end, items_3, orc_1, orc_end, items_4, d_15, swamp_1, shoals_1,
          snake_1, spider_1, d_20, vaults_1, items_5, swamp_end, shoals_end,
          snake_end, spider_end, vaults_end, d_27, items_6, zot_1, zot_end,
          crypt_end, forest_end, elf_end, slime_end, tomb_end, abyss_end,
          pan_hell_end]

Skill      XL: |  1  2  3  4  5  6  7  8 |
---------------+-------------------------+-----
Dodging        | 3 4 5 7 8 |  8.3
Fighting       | 3 5 8 |  8.5
Unarmed Combat | 4 6 7 11 12 | 12.0
Stealth        | |  1.1

Action                   |  1- 3 |  4- 6 |  7- 9 || total
-------------------------+-------+-------+-------++-------
Melee: Unarmed           |    27 |    17 |    22 ||    66
       Punch             |       |     1 |     4 ||     5
Invok: Request Jelly     |       |       |     1 ||     1
  Use: Potion            |     1 |     3 |     4 ||     8
Armor: Robe              |     4 |     3 |     6 ||    13
Dodge: Dodged            |     9 |     8 |    10 ||    27
